Map: Ulrena

Players

Uply - Winner!

  • Race: Zerg Zerg

JusticeSimon

  • Race: Protoss Protoss
  • League: Master

VOD

Have the link to the VOD?

Description

Time

  • Played on: March 13, 2016, 3:32 a.m.
  • Length: 8:58
Show
View Real Time Build Order
Export as new Build Order

Uply Zerg - Winner!

Build Orders: Hatch First 

Get SALT Encoding   

  12  0:00  Drone  
  13  0:12  Overlord  
  13  0:17  Drone  
  14  0:23  Extractor  
  14  0:24  Drone  
  15  0:31  Drone  
  16  0:47  Drone  
  17  0:54  Hatchery  
  16  1:00  Drone  
  17  1:13  Spawning Pool  
  17  1:16  Drone  
  17  1:25  Drone  
  17  1:26  Drone  
  17  1:27  Extractor  
  17  1:32  Drone  
  19  1:40  Drone  
  20  1:55  Overlord  
  20  2:01  Queen  
  20  2:07  Drone x2  
  24  2:17  Queen  
  26  2:30  Zergling x6  
  29  2:38  Metabolic Boost  
  29  2:44  Queen  
  29  2:46  Overlord  
  29  2:52  Zergling x4  
  30  3:00  Drone  
  30  3:01  Drone  
  30  3:05  Pneumatized Carapace  
  29  3:22  Zergling x6  
  29  3:23  Zergling x8  
  36  3:28  Overlord  
  36  3:39  Evolution Chamber  
  35  3:46  Overlord  
  35  3:48  Drone x2  
  37  4:02  Zergling x10  
  42  4:11  Spore Crawler  
  41  4:29  Overlord  
  41  4:33  Zergling x10  
  46  4:44  Overlord  
  46  4:48  Zergling x6  
  49  5:09  Zergling x2  
  49  5:13  Zergling x4  
  50  5:19  Zergling x2  
  50  5:20  Zergling x2  
  44  5:43  Queen x2  
  44  5:46  Zergling x4  
  39  6:02  Zergling x6  
  39  6:03  Zergling x2  
  39  6:04  Zergling x4  
  34  6:13  Roach Warren  
  34  6:15  Zergling x4  
  33  6:19  Spine Crawler  
  32  6:33  Drone x2  
  32  6:34  Spine Crawler  
  32  6:39  Drone x2  
  29  6:52  Overlord  
  25  6:55  Roach x2  
  29  7:02  Drone x3  
  32  7:13  Roach x2  
  32  7:14  Roach  
  38  7:27  Roach x2  
  42  7:30  Drone x2  
  44  7:45  Spore Crawler  
  44  7:48  Zergling x2  
  44  7:49  Zergling x2  
  44  7:53  Overlord  
  44  7:54  Overlord  
  44  8:07  Overlord  
  43  8:20  Zergling x8  
  39  8:28  Zergling x4  
  45  8:38  Ravager  
  45  8:41  Ravager  
Show
View Real Time Build Order
Export as new Build Order

JusticeSimon Protoss 

Build Orders:  

Get SALT Encoding   

  12  0:11  Pylon  
  12  0:13  Probe (Chrono Boost)  
  13  0:29  Gateway  
  13  0:32  Probe (Chrono Boost)  
  14  0:39  Assimilator  
  14  0:42  Probe (Chrono Boost)  
  15  0:53  Probe (Chrono Boost)  
  16  0:58  Gateway  
  16  1:10  Probe (Chrono Boost)  
  17  1:16  Cybernetics Core  
  17  1:20  Probe (Chrono Boost)  
  18  1:31  Probe (Chrono Boost)  
  19  1:53  Adept (Chrono Boost)  
  23  1:58  Adept (Chrono Boost), Warp Gate (Chrono Boost)  
  23  2:15  Nexus  
  22  2:20  Assimilator, Probe  
  23  3:05  Adept  
  23  3:11  Stargate  
  23  3:18  Adept (Chrono Boost)  
  23  3:22  Pylon  
  23  3:26  Probe  
  24  3:28  Mothership Core  
  26  3:38  Probe  
  27  3:48  Pylon  
  27  3:49  Probe  
  27  3:50  Probe  
  27  3:55  Adept x2  
  31  4:00  Phoenix (Chrono Boost), Probe  
  36  4:03  Probe  
  37  4:16  Gateway  
  37  4:18  Probe  
  37  4:19  Probe  
  37  4:21  Adept  
  41  4:29  Phoenix (Chrono Boost)  
  43  4:33  Probe  
  43  4:34  Probe  
  45  4:46  Probe  
  45  4:47  Gateway, Probe  
  47  4:57  Adept x2  
  51  5:00  Probe  
  34  5:29  Adept x2  
  34  5:55  Adept x2  
  28  6:33  Pylon  
  26  6:45  Probe  
  23  6:53  Sentry  
  21  6:56  Probe  
  22  7:14  Zealot  
  24  7:17  Assimilator  
  24  7:22  Pylon  
  24  7:23  Probe  
  25  7:34  Probe  
  26  7:37  Zealot  
  28  7:53  Probe  
  29  7:59  Assimilator  
  29  8:04  Probe  
  30  8:14  Probe  
  29  8:25  Probe  
  26  8:29  Stalker  
  28  8:41  Stalker  
Tags
 
League
Master
Matchup
PvZ
Replay Pack
Simon Rep
Add a new tag
Caveats
  • Supply blocks, unpowered buildings, or Contaminate may cause inaccurate times.
  • Supply counts are checked every 10 seconds.